Map: Blackburn LE

Players

GOStephano (Stephano)

  • Race: Zerg Zerg
  • League: Grandmaster

HeroMarine - Winner!

  • Race: Terran Terran
  • League: Master

Event: DreamHack SC2 Masters 2021 Summer

VOD

Have the link to the VOD?

Description

Time

  • Played on: May 19, 2021, 12:26 p.m.
  • Length: 9:01

All games in this series

Show
View Real Time Build Order
Export as new Build Order

GOStephano Zerg 

Build Orders: Hatch First 

Get SALT Encoding   

  12  0:00  Drone  
  13  0:12  Overlord  
  13  0:17  Drone  
  14  0:30  Drone x2  
  16  0:47  Hatchery  
  15  0:51  Drone  
  15  0:54  Drone  
  17  0:57  Drone  
  18  1:07  Extractor  
  17  1:13  Spawning Pool  
  17  1:15  Drone  
  17  1:20  Drone  
  18  1:27  Drone  
  19  1:40  Drone  
  20  1:51  Drone  
  21  2:00  Queen x2  
  21  2:01  Zergling x4  
  27  2:10  Drone  
  27  2:11  Overlord  
  28  2:21  Hatchery  
  27  2:24  Drone  
  28  2:31  Drone x2  
  28  2:36  Drone  
  30  2:39  Queen  
  32  2:45  Metabolic Boost  
  32  2:51  Overlord  
  32  2:53  Drone  
  32  2:54  Drone  
  34  2:58  Drone  
  35  3:09  Drone  
  35  3:10  Drone x3  
  35  3:11  Drone  
  40  3:15  Drone  
  40  3:18  Queen  
  40  3:19  Overlord  
  43  3:33  Queen  
  43  3:34  Queen  
  45  3:35  Drone  
  45  3:39  Zergling x4  
  45  3:40  Drone  
  51  3:43  Drone  
  51  3:44  Drone  
  51  3:47  Drone  
  54  3:49  Drone x2  
  54  3:53  Overlord  
  54  3:55  Drone  
  57  4:02  Overlord  
  57  4:08  Overlord  
  57  4:13  Drone x8  
  65  4:20  Overlord  
  65  4:21  Drone  
  65  4:22  Queen  
  65  4:23  Queen  
  70  4:29  Zergling x6  
  70  4:30  Drone  
  74  4:33  Overlord  
  74  4:38  Extractor, Lair  
  73  4:39  Extractor  
  73  4:45  Drone, Roach Warren  
  73  4:48  Drone x2  
  73  4:49  Drone  
  73  4:50  Drone, Overlord  
  76  4:53  Drone x2  
  76  4:57  Drone  
  76  4:59  Evolution Chamber x2  
  77  5:00  Drone  
  77  5:03  Drone x4  
  82  5:09  Spore Crawler  
  82  5:10  Spore Crawler  
  82  5:12  Drone x2  
  82  5:15  Drone x3  
  82  5:18  Drone  
  82  5:20  Extractor, Drone x3  
  88  5:24  Extractor x2, Overlord  
  88  5:26  Spore Crawler  
  85  5:29  Zerg Ground Armor Level 1  
  85  5:35  Drone  
  86  5:36  Drone  
  86  5:37  Zerg Missile Weapons Level 1  
  86  5:40  Overseer  
  84  5:44  Drone  
  84  5:46  Drone x2  
  84  5:47  Drone, Overlord, Glial Reconstitution  
  87  5:51  Drone  
  87  5:53  Overlord  
  87  6:03  Hydralisk Den  
  86  6:09  Hatchery  
  85  6:12  Overlord  
  85  6:19  Roach x8  
  101  6:30  Drone x2  
  103  6:37  Overlord  
  103  6:42  Drone x5  
  108  6:54  Roach x10  
  128  6:57  Infestation Pit  
  128  6:59  Muscular Augments  
  127  7:05  Overlord  
  127  7:13  Overlord x3  
  127  7:15  Spore Crawler  
  127  7:16  Drone x3, Extractor  
  127  7:18  Extractor  
  126  7:24  Drone x5  
  128  7:31  Drone x3  
  128  7:32  Hydralisk x4  
  128  7:33  Hydralisk x2  
  143  7:40  Drone x2  
  143  7:42  Hive  
  145  7:46  Drone x3, Lurker Den  
  145  7:48  Drone  
  145  7:49  Spore Crawler  
  145  7:51  Spore Crawler  
  145  7:54  Hydralisk x5  
  155  7:59  Overlord x2  
  151  8:17  Roach  
  151  8:18  Zergling x30  
  151  8:30  Roach x7  
Show
View Real Time Build Order
Export as new Build Order

HeroMarine Terran - Winner!

Build Orders: Reaper Expand, Hellion Banshee 

Get SALT Encoding   

  12  0:00  SCV  
  13  0:12  SCV  
  14  0:17  Supply Depot  
  14  0:24  SCV  
  15  0:38  SCV  
  15  0:41  Barracks  
  16  0:44  Refinery  
  16  0:50  SCV  
  17  1:02  SCV  
  18  1:14  SCV  
  19  1:27  Reaper, Orbital Command  
  20  1:41  Command Center  
  20  1:51  Supply Depot  
  20  1:53  SCV  
  21  1:59  Marine  
  22  2:05  SCV  
  23  2:09  Factory  
  23  2:17  SCV  
  23  2:20  Barracks Reactor  
  24  2:29  SCV  
  25  2:41  SCV  
  25  2:42  Command Center  
  26  2:53  SCV  
  26  2:57  Orbital Command  
  27  3:01  Starport  
  27  3:05  SCV  
  27  3:08  Refinery  
  28  3:14  Hellion  
  28  3:18  Hellion  
  32  3:21  SCV  
  32  3:22  SCV  
  32  3:24  Barracks Tech Lab  
  34  3:33  SCV  
  35  3:34  SCV  
  35  3:38  Hellion  
  35  3:39  Hellion  
  40  3:45  SCV  
  40  3:46  SCV  
  40  3:47  Banshee  
  45  3:55  Orbital Command  
  45  3:57  Cloaking Field  
  45  3:58  SCV  
  45  3:59  SCV  
  45  4:02  Hellion  
  49  4:06  Hellion  
  49  4:09  Supply Depot  
  51  4:12  SCV  
  51  4:13  SCV  
  53  4:20  SCV  
  55  4:24  SCV  
  55  4:25  Hellion  
  55  4:27  Hellion  
  55  4:31  Banshee, SCV  
  64  4:34  Supply Depot  
  64  4:36  SCV  
  64  4:38  Barracks Tech Lab  
  64  4:40  Orbital Command  
  64  4:43  SCV, Supply Depot  
  65  4:53  Barracks  
  65  4:54  SCV  
  65  4:55  SCV, Barracks  
  65  4:56  Marine, Stimpack  
  68  5:00  Refinery, Factory Reactor  
  68  5:01  Refinery  
  68  5:06  SCV  
  69  5:07  SCV  
  69  5:11  Engineering Bay  
  69  5:13  SCV, Supply Depot  
  71  5:14  Marine, Engineering Bay  
  71  5:18  SCV  
  71  5:19  SCV  
  74  5:25  SCV  
  74  5:27  Starport Reactor, Supply Depot  
  75  5:30  SCV  
  75  5:32  SCV, Marine  
  78  5:37  SCV  
  78  5:42  Marine x2  
  79  5:43  Barracks  
  79  5:44  SCV x2  
  79  5:45  Barracks  
  83  5:51  Marine  
  83  5:52  Marine x2  
  83  5:53  Siege Tank  
  83  5:55  Terran Infantry Armor Level 1, Terran Infantry Weapons Level 1  
  83  5:56  SCV x2  
  91  5:57  SCV  
  92  6:04  Marine, Supply Depot x2  
  92  6:06  Marine  
  92  6:08  SCV  
  92  6:09  SCV x2  
  92  6:10  Marine  
  98  6:13  Medivac  
  100  6:20  Supply Depot  
  100  6:21  Medivac  
  100  6:22  Supply Depot  
  100  6:24  Marine x3  
  100  6:25  Marine  
  101  6:27  SCV x2  
  101  6:29  SCV  
  101  6:32  Siege Tank  
  108  6:34  Barracks Tech Lab x2  
  108  6:36  Marine  
  109  6:42  Marine x3  
  109  6:43  Marine  
  109  6:46  Armory  
  113  6:47  Supply Depot  
  113  6:51  Refinery  
  113  6:52  Refinery  
  113  6:53  Marauder  
  115  6:54  Combat Shield  
  115  7:00  Marauder  
  119  7:01  Marauder, Marine x2  
  119  7:03  Marine  
  119  7:04  Marine  
  119  7:07  Supply Depot  
  123  7:10  SCV  
  123  7:11  SCV  
  123  7:12  Supply Depot  
  123  7:13  Siege Tank  
  128  7:18  Marauder  
  128  7:19  Marine  
  128  7:20  Marine  
  128  7:21  Marine, Medivac  
  128  7:22  Medivac  
  137  7:24  Marine x2  
  137  7:25  Marine  
  138  7:37  Marine  
  138  7:38  Marine  
  138  7:39  Marauder, Marine  
  138  7:42  Marine  
  138  7:43  Marauder  
  138  7:44  Marauder  
  144  7:47  Siege Tank  
  147  7:55  Marine x2, Concussive Shells  
  147  7:57  Marine  
  149  8:00  Marine  
  149  8:01  Marauder  
  149  8:04  Marauder  
  149  8:05  Marauder  
  156  8:10  Command Center  
  156  8:12  Marine  
  157  8:22  Marine  
  157  8:28  Marine, Medivac, Supply Depot  
  157  8:29  Medivac  
  157  8:30  Marauder x3  
  157  8:34  Supply Depot  
Tags
 
Add a new tag
Caveats
  • Supply blocks, unpowered buildings, or Contaminate may cause inaccurate times.
  • Supply counts are checked every 10 seconds.